 Dungeon Crawl Stone Soup version 0.31.0-1-g2c135a008e (webtiles) character file.

Game seed: 11545218319882255343

100 qw the Shooter (level 5, -1/40 HPs)
             Began as a Djinni Hunter on Jan 23, 2024.
             Slain by an orc
             ... wielding a +0 short sword
              (3 damage)
             ... on level 4 of the Dungeon.
             The game lasted 00:00:08 (2394 turns).

qw the Shooter (Djinni Hunter)                      Turns: 2394, Time: 00:00:08

Health: -1/40      AC:  6    Str:  8    XL:     5   Next: 3%
Gold:   158        EV: 10    Int: 10    God:
                   SH:  0    Dex: 19

rFire   + + +        a - +1 shortbow
rCold   . . .        (shield currently unavailable)
rNeg    . . .        f - +0 ring mail
rPois   inf          (no helmet)
rElec   .            h - +0 cloak
rCorr   .            (no gloves)
SInv    +            (boots unavailable)
Will    +....        (no amulet)
Stlth   +            e - ring "Raxt" {rF+ rC+ Will+ Str-2 SInv}
HPRegen 0.26/turn    (no ring)
MPRegen 0.00/turn

%: infuse magic (-2 HP)
@: about to teleport, flying
A: sickness immunity, fire resistance 2, cold vulnerability 1, float, innate
caster, HP casting, extra vitality 1
a: no special abilities


You were on level 4 of the Dungeon.
You visited 1 branch of the dungeon, and saw 4 of its levels.

You collected 158 gold pieces.


Innate Abilities, Weirdness & Mutations

You are immune to sickness and miasma.
You are immune to poison.
Your flesh is very heat resistant. (rF++)
You are vulnerable to cold. (rC-)
You float through the air rather than walking.
You learn spells naturally, not from books.
Your magical power is your life essence.
You have superior vitality. (+4 MHP)


   Skills:
 - Level 3.1 Fighting
 + Level 4.2 Ranged Weapons
 - Level 1.2 Armour
 - Level 2.1 Dodging
 - Level 0.7 Stealth


You knew the following spells:

 Your Spells              Type           Power      Damage    Failure   Level
a - Sting                 Conj/Alch      0%         1d3       75%         1
b - Static Discharge      Conj/Air       0%         3-3/arc   86%         2
Your spell library was empty.

Inventory:

Hand Weapons
 a - a +1 shortbow (weapon)
Armour
 f - a +0 ring mail (worn)
 h - a +0 cloak (worn)
Jewellery
 e - the ring "Raxt" (left hand) {rF+ rC+ Will+ Str-2 SInv}
   (You found it on level 2 of the Dungeon)

   [ring of see invisible]

   Str-2:     It affects your strength (-2).
   rF+:       It protects you from fire.
   rC+:       It protects you from cold.
   Will+:     It increases your willpower.
   SInv:      It lets you see invisible.
Wands
 c - a wand of quicksilver (8)
 g - a wand of charming (1)
Potions
 i - a potion of might
 j - a potion of ambrosia {unknown}

Dungeon Overview and Level Annotations

Branches:
Dungeon (4/15)
 Temple: D:4-7

Altars:

Annotations:
D:3 1 transporter, qw's ghost, amateur GrHu


Message History

You shoot an arrow. The arrow barely misses the orc priest.
The arrow barely misses the orc.
The arrow hits the orc.
The orc is lightly wounded.
The orc priest hits you but does no damage.
The orc hits you but does no damage.
The orc priest hits you but does no damage.
You shoot an arrow. The arrow barely misses the orc priest.
The arrow hits the orc.
The orc is lightly wounded.
The orc priest hits you with a +1 dagger of draining.
The orc barely misses you.
You shoot an arrow. The arrow barely misses the orc priest.
The arrow barely misses the orc.
The arrow closely misses the orc.
The orc hits you with a +0 short sword.
The orc priest hits you but does no damage.
You shoot an arrow.
The arrow hits the orc priest but does no damage.
The orc priest is heavily wounded.
The orc hits you with a +0 short sword.
The orc priest hits you with a +1 dagger of draining.
The orc hits you but does no damage.
The orc priest begins to cast a cantrip, but forgets the words!
You shoot an arrow.
The arrow hits the orc priest but does no damage.
The orc priest is heavily wounded.
The orc hits you but does no damage.
The orc priest invokes the aid of Beogh against you.
Beogh smites you!
2393 ||| READING scroll of teleportation.
As you read the scroll of teleportation, it crumbles to dust.
You feel strangely unstable.
An adder comes into view.
The orc priest hits you but does no damage.
The orc hits you with a +0 short sword.
The adder moves out of view.
You shoot an arrow.
The arrow closely misses the orc priest.
The arrow hits the orc but does no damage.
The orc is lightly wounded.
The orc hits you with a +0 short sword.
You die...

#.###...................
#.# #####.######...####.
#.# ###.# ##.........
..# ###<..####..........
..###.............######
..##...........#.##
..#............#.#
##..#............#
.#.##..........o@#
...#######...###o# %###
#.###


#og .## #.# #o.. .## #.... ..# #.!... .# ....... .# ##...... You could see an
orc priest, 3 orcs and a goblin.

Vanquished Creatures
  2 adders (D:3)
  2 ufetubi (D:3)
  A ribbon worm (D:3)
  6 orcs (D:3)
  8 bats
  6 endoplasms
  2 giant cockroaches
  4 goblins
  4 hobgoblins
  3 quokkas
  5 ball pythons
  5 frilled lizards
  7 kobolds
  7 rats
62 creatures vanquished.

Notes
Turn   | Place    | Note
-------+----------+-------------------------------------------
     0 | D:1      | qw the Djinni Hunter began the quest for the Orb.
     0 | D:1      | Reached XP level 1. HP: 18/18 MP: 0/0
     0 | D:1      | 0 ||| qw: Version: 0.3-a-136-gdd3b4e8
     0 | D:1      | 0 ||| qw: Game counter: 1042
     0 | D:1      | 0 ||| qw: Melee chars always use a shield: true
     0 | D:1      | 0 ||| qw: God list: Okawaru
     0 | D:1      | 0 ||| qw: Allow faded altars: false
     0 | D:1      | 0 ||| qw: Do Orc after clearing Dungeon:15 true
     0 | D:1      | 0 ||| qw: Do second Lair branch before Depths: true
     0 | D:1      | 0 ||| qw: Lair rune preference: random
     0 | D:1      | 0 ||| qw: Goals: Normal
     0 | D:1      | 0 ||| PLANNING D:1-11
   228 | D:1      | Reached XP level 2. HP: 23/23 MP: 0/0
   588 | D:1      | Reached skill level 4 in Ranged Weapons
   588 | D:1      | Reached XP level 3. HP: 28/28 MP: 0/0
   588 | D:1      | Learned a level 1 spell: Sting
   867 | D:1      | 867 ||| READING scroll labelled TYUMNA UPPIHA.
   968 | D:1      | 968 ||| READING scroll labelled JEEZOCZANEN.
   968 | D:1      | 968 ||| ENCHANTING +0 shortbow.
   969 | D:1      | 969 ||| READING scroll labelled ZAPPAE FIPS.
   970 | D:1      | 970 ||| DROPPING scroll of butterflies.
  1241 | D:2      | Identified the ring "Raxt" {rF+ rC+ Will+ Str-2 SInv}
  1543 | D:2      | 1543 ||| UPGRADING to +0 ring mail.
  1553 | D:2      | 1553 ||| DROPPING +0 leather armour.
  1554 | D:2      | 1554 ||| UPGRADING to +0 cloak.
  1559 | D:2      | 1559 ||| UPGRADING to ring "Raxt" {rF+ rC+ Will+ Str-2
                  | SInv}.
  1560 | D:2      | 1560 ||| READING 2 scrolls labelled PECAMU HOAPTU.
  1563 | D:2      | 1563 ||| READING scroll labelled XEXUIJ XE BANN.
  1616 | D:3      | Reached XP level 4. HP: 32/34 MP: 0/0
  1630 | D:3      | Reached skill level 1 in Armour
  1679 | D:3      | Reached skill level 3 in Fighting
  1973 | D:3      | Reached XP level 5. HP: 35/40 MP: 0/0
  1973 | D:3      | Learned a level 2 spell: Static Discharge
  2037 | D:3      | Noticed qw's ghost (amateur GrHu)
  2037 | D:3      | Noticed an ogre
  2039 | D:3      | Identified the +5 great mace of Income {freeze, rElec rPois
                  | rCorr Int-4}
  2039 | D:3      | Noticed an ogre
  2040 | D:3      | Found a transporter.
  2121 | D:3      | Found a faded altar of an unknown god.
  2241 | D:3      | 2241 ||| READING scroll labelled GAXKA HIKKANY.
  2241 | D:3      | 2241 ||| IDENTIFYING bubbling emerald potion
  2242 | D:3      | 2242 ||| READING scroll labelled MERAGUGUJIQ.
  2392 | D:4      | HP: 5/40 [orc priest/divine providence (7)]
  2393 | D:4      | 2393 ||| READING scroll of teleportation.
  2393 | D:4      | HP: 2/40 [orc/+0 short sword (3)]
  2394 | D:4      | Slain by an orc

Levels and vault maps discovered:
D:1:      dpeg_arrival_pits, layout_basic, serial_curves, eino_curves_01,
          eino_curves_03
D:2:      layout_loops_ring
D:3:      layout_loops_ring, dilly_ecumenical_altar_fadedgnrine,
          gammafunk_ghost_smash
D:4:      layout_rooms, nicolae_concentric_dashed_squares_mild,
          minmay_fire_ice_demons

Skill      XL: |  1  2  3  4 |
---------------+-------------+-----
Ranged Weapons | 4 |  4.2
Armour         | 1 |  1.2
Fighting       | 3 |  3.1
Dodging        | |  2.1
Stealth        | |  0.7

Action                     |  1- 3 |  4- 6 || total
---------------------------+-------+-------++-------
   Fire: Shortbow          |   114 |    76 ||   190
    Use: Scroll            |     5 |     3 ||     8
 Armour: Leather armour    |    27 |       ||    27
         Ring mail         |     2 |    38 ||    40
  Dodge: Dodged            |    25 |    16 ||    41

Table legend:
 A = Non-vault XP
 B = Vault XP
 C = Vault XP percentage of total XP
 D = Non-vault monster count
 E = Vault monster count
 F = Vault count percentage of total count
                 A         B        C        D         E       F
            +---------+---------+-------+---------+---------+-------
      Total |     143 |       0 |   0.0 |      62 |       0 |   0.0
            +---------+---------+-------+---------+---------+-------
        D:1 |      46 |       0 |   0.0 |      28 |       0 |   0.0
        D:2 |      18 |       0 |   0.0 |      13 |       0 |   0.0
        D:3 |      77 |       0 |   0.0 |      20 |       0 |   0.0
        D:4 |       2 |       0 |   0.0 |       1 |       0 |   0.0
            +---------+---------+-------+---------+---------+-------
